 Dungeon Sprint DCSS version 0.20.1-1-g8b1a95d (webtiles) character file.

259 JustSomeDude the Slasher (level 5, -12/47 HPs)
             Began as a Demonspawn Monk on Aug 26, 2017.
             Mangled by a slime creature (17 damage)
             ... in the Dungeon (Sprint I: "Red Sonja").
             The game lasted 00:01:57 (672 turns).

JustSomeDude the Slasher (Demonspawn Monk)           Turns: 672, Time: 00:01:58

Health: -12/47     AC:  5    Str: 12    XL:     5   Next: 94%
Magic:  5/5        EV: 14    Int: 12    God:
Gold:   108        SH:  4    Dex: 15    Spells: 4/4 levels left

rFire    . . .     SeeInvis .   a - +0 falchion
rCold    . . .     Gourm    .   (no shield)
rNeg     . . .     Faith    .   j - +0 ring mail {rPois}
rPois    +         Spirit   .   (helmet restricted)
rElec    .         Reflect  .   (no cloak)
rCorr    .         Harm     .   (no gloves)
MR       .....     NoTele   +   (no boots)
Stlth    ++........             (no amulet)
Regen    0.2/turn               (no ring)
MPRegen  0.1/turn               (no ring)

@: hasted, very quick
A: horns 1, large bone plates 1
a: no special abilities


You were in the Dungeon.
You were not hungry.

You visited 1 branch You collected 108 gold pieces.

Inventory:

Hand Weapons
 a - a +0 falchion (weapon)
Armour
 b - a +0 robe
 j - a +0 ring mail of poison resistance (worn)
Wands
 k - a wand of polymorph (0/24)
Scrolls
 i - a scroll of blinking
Potions
 d - a potion of curing
 g - 2 potions of magic
Comestibles
 c - a bread ration


   Skills:
 + Level 6.5 Fighting
 + Level 7.9 Long Blades
 + Level 0.8 Armour
 + Level 6.3 Dodging
 + Level 3.7 Stealth


You had 4 spell levels left.
You didn't know any spells.

Dungeon Overview and Level Annotations

Branches:
Dungeon (1/1)

Altars:
Makhleb
Xom
Jiyva
Lugonu


Innate Abilities, Weirdness & Mutations

You have a pair of small horns on your head.
You are partially covered in large bone plates. (SH +4)


Message History

The slime creature is severely wounded.
The slime creature hits you!
You are too injured to fight recklessly!
You hit the slime creature. You headbutt the slime creature.
The slime creature is almost dead.
The slime creature misses you.
You hit the slime creature.
Your headbutt misses the slime creature.
The slime creature is almost dead.
You hit the slime creature but do no damage.
The slime creature is almost dead.
The slime creature hits you!
* * * LOW HITPOINT WARNING * * *
You completely miss the slime creature.
The slime creature is almost dead.
You hit the slime creature but do no damage.
Your headbutt misses the slime creature.
The slime creature is almost dead.
The slime creature hits you!
You die...

################ ##
#<.#..)..#..'..#__#
#..'..#..').#.@J..+
#..#####+#####+#__#
#..# ## #..# #..#
#⌠⌠# ####


You could see a slime creature.

Vanquished Creatures
  Sigmund (D)
  An ogre (D)
  Ijyb (D)
3 creatures vanquished.

Notes
Turn   | Place    | Note
-------+----------+-------------------------------------------
     0 | D        | JustSomeDude the Demonspawn Monk began the quest for the Orb.
     0 | D        | Reached XP level 1. HP: 18/18 MP: 1/1
     1 | D        | Noticed Ijyb
    46 | D        | Killed Ijyb
    46 | D        | Reached skill level 4 in Long Blades
    46 | D        | Gained mutation: You have a pair of small horns on your head. [demonic ancestry]
    46 | D        | Reached XP level 2. HP: 5/25 MP: 2/2
   290 | D        | Noticed an ogre
   294 | D        | Killed an ogre
   294 | D        | Reached skill level 5 in Fighting
   294 | D        | Reached skill level 6 in Long Blades
   294 | D        | Reached skill level 5 in Dodging
   294 | D        | Reached XP level 3. HP: 33/33 MP: 3/3
   294 | D        | Reached XP level 4. HP: 39/39 MP: 4/4
   361 | D        | Noticed Sigmund
   422 | D        | Killed Sigmund
   422 | D        | Reached skill level 7 in Long Blades
   422 | D        | Gained mutation: You are partially covered in large bone plates. (SH +4) [demonic ancestry]
   422 | D        | Reached XP level 5. HP: 14/47 MP: 5/5
   653 | D        | Found a burning altar of Makhleb.
   653 | D        | Found a viscous altar of Jiyva.
   653 | D        | Found a shimmering altar of Xom.
   653 | D        | Found a corrupted altar of Lugonu.
   653 | D        | Noticed a slime creature
   672 | D        | Mangled by a slime creature

Skill      XL: |  1  2  3  4 |
---------------+-------------+-----
Long Blades    | 4 6 7 |  7.9
Dodging        | 4 5 6 |  6.3
Stealth        | 2 3 |  3.7
Fighting       | 5 6 |  6.5
Armour         | |  0.8

Action                   |  1- 3 |  4- 6 || total
-------------------------+-------+-------++-------
Melee: Falchion          |    47 |    41 ||    88
       Headbutt          |       |     5 ||     5
  Use: Potion            |     1 |     2 ||     3
Armor: Skin              |    20 |       ||    20
       Robe              |     3 |       ||     3
       Ring mail         |       |     3 ||     3
Dodge: Dodged            |     9 |    13 ||    22
       Rpst.: Falchion   |     4 |     5 ||     9
